Panthers vs Flyers
Created - March 19, 2019 at 19:45
Goals
|
| Panthers |
3 |
0 |
3 |
6 |
| Flyers |
2 |
0 |
1 |
3 |
|
Shots
|
| Panthers |
11 |
11 |
14 |
36 |
| Flyers |
9 |
10 |
9 |
28 |
|
1st period
1. Panthers , Steve Quailer 6 (Kyle Clifford 29, Erik Gudbranson 32) at 4:12
2. Panthers , Patrick Eaves 7 (Mike Weber 9) at 9:15
3. Panthers , Jean-Gabriel Pageau 12 (Daniel Sedin 12, Drew Stafford 17) at 11:11
4. Flyers , Chris Mcallister 12 (Brian McGrattan 11, Matthew Lombardi 2) at 16:12
5. Flyers , Drew Miller 32 (Jeff Carter 56) at 17:57
Penalties :
Kyle Clifford (Flo) for Holding (Minor) at 1:36, Jeff Carter (Phi) for Slashing (Minor) at 6:35, Tomas Kopecky (Flo) for Interference (Minor) at 11:18, William Colbert (Flo) for Slashing (Minor) at 14:01
2nd period
No Goal
Penalties :
Kyle Clifford (Flo) for Roughing (Minor) at 0:23, Erik Gudbranson (Flo) for Tripping (Minor) at 13:37
3rd period
6. Flyers , Matthew Lombardi 7 (Matt Smaby 15, Jeff Woywitka 17) at 3:41
7. Panthers , Jonathan Sigalet 5 (William Colbert 6, Eric Wellwood 6) at 6:04
8. Panthers , Daniel Sedin 8 (Matt Irwin 6, Drew Stafford 18) at 10:44 (PP)
9. Panthers , Eric Wellwood 9 (Jonathan Sigalet 20, Erik Christensen 20) at 16:09
Penalties :
Erik Gudbranson (Flo) for Holding (Minor) at 1:21, Jonathan Sigalet (Flo) for High sticking (Minor) at 3:46, Tomas Kopecky (Flo) for Holding (Minor) at 7:27, Matthew Lombardi (Phi) for Holding (Minor) at 10:17, Mats Zuccarello (Phi) for Interference (Minor) at 17:04, Kyle Clifford (Flo) for Hooking (Minor) at 17:23
Goalie Stats
Petr Mrazek (Flo), 25 saves from 28 shots - (0.893), W, 6-11-2, 60:00 minutes
Cory Schneider (Phi), 30 saves from 36 shots - (0.833), L, 26-8-5, 60:00 minutes
Players Stats for Panthers
Player Name G A P +/- PIM S H SB GA TA FO MP PP MP PK MP
------------------------------------------------------------------------------------
Daniel Sedin 1 1 2 1 0 4 2 0 1 0 1/2 9:56 1:20 0:10
Drew Stafford 0 2 2 1 0 2 3 0 1 0 1/2 19:48 1:20 9:23
Eric Wellwood 1 1 2 3 0 5 0 0 1 0 0/0 12:25 0:00 1:33
Erik Christensen 0 1 1 1 0 1 1 0 2 0 12/24 19:08 0:00 9:11
Erik Gudbranson 0 1 1 1 4 5 1 2 1 2 0/0 28:08 1:29 6:27
Jean-Gabriel Pageau 1 0 1 1 0 2 0 0 1 0 3/5 16:45 1:20 5:37
Jonathan Matsumoto 0 0 0 0 0 2 0 0 0 0 2/4 5:30 0:00 0:00
Jonathan Sigalet 1 1 2 2 2 3 3 1 0 1 0/0 28:18 1:29 7:21
Kyle Clifford 0 1 1 0 6 2 2 1 3 0 1/1 20:47 1:24 3:40
Matt Duchene 0 0 0 -1 0 1 1 1 1 0 19/26 16:48 1:25 0:01
Matt Irwin 0 1 1 -1 0 2 0 1 0 0 0/0 13:35 1:16 0:21
Mike Weber 0 1 1 1 0 0 0 0 0 0 0/0 15:47 0:00 6:32
Nigel Dawes 0 0 0 0 0 0 0 0 0 0 0/0 5:30 0:00 0:00
Patrick Eaves 1 0 1 0 0 3 1 0 0 0 0/0 5:30 0:00 0:00
Radko Gudas 0 0 0 -1 0 1 1 1 0 0 0/0 23:55 1:16 9:42
Steve Quailer 1 0 1 1 0 3 2 0 0 0 0/0 12:48 0:00 2:47
Tomas Kopecky 0 0 0 -1 4 0 0 1 0 0 2/4 16:14 1:25 0:00
William Colbert 0 1 1 2 2 0 0 2 0 0 0/0 11:08 0:00 1:59
Players Stats for Flyers
Player Name G A P +/- PIM S H SB GA TA FO MP PP MP PK MP
------------------------------------------------------------------------------------
Brian Lashoff 0 0 0 0 0 0 2 2 0 1 0/0 12:56 0:00 0:00
Brian McGrattan 0 1 1 2 0 1 0 1 0 0 0/0 7:11 0:15 0:00
Chris Mcallister 1 0 1 2 0 1 1 0 0 1 0/2 8:30 0:11 1:29
Drew Miller 1 0 1 1 0 6 2 1 0 1 1/2 21:06 7:40 0:00
J.T. Miller 0 0 0 -2 0 0 0 1 0 0 0/0 19:11 8:09 1:16
Jakub Voracek 0 0 0 1 0 2 1 0 1 1 0/1 22:09 7:51 0:00
Jaromir Jagr 0 0 0 -3 0 1 1 0 0 0 0/0 10:10 0:00 0:00
Jeff Carter 0 1 1 1 2 4 1 0 0 2 14/34 22:16 7:48 0:00
Jeff Woywitka 0 1 1 0 0 2 1 1 1 1 0/0 23:26 7:54 1:05
Jonathan Ericsson 0 0 0 -2 0 2 1 3 0 1 0/0 22:55 7:54 1:05
Kyle Wellwood 0 0 0 -2 0 3 0 1 0 0 7/15 18:50 8:05 1:16
Marcus Kruger 0 0 0 -3 0 2 1 0 0 0 3/8 11:06 0:18 0:12
Mats Zuccarello 0 0 0 -2 2 0 3 0 0 0 0/1 16:56 8:16 0:00
Matt Smaby 0 1 1 0 0 1 1 1 1 0 0/0 15:52 0:19 1:40
Matthew Lombardi 1 1 2 2 2 2 1 0 0 0 2/4 7:57 0:00 1:17
Michael Bournival 0 0 0 -3 0 1 2 0 0 0 0/1 10:10 0:00 0:00
Nathan Beaulieu 0 0 0 0 0 0 2 3 0 1 0/0 20:11 7:58 0:00
Oliver Ekman-Larsson 0 0 0 -2 0 0 2 2 0 2 0/0 24:40 8:17 1:40
3 Stars
1 - Eric Wellwood (Flo)
2 - Jonathan Sigalet (Flo)
3 - Daniel Sedin (Flo)
Power Play
Panthers - 1 on 3 Attempt(s) - 33.33%
Flyers - 0 on 9 Attempt(s) - 0.00%
Penalty Kill
Panthers - 9 on 9 Attempt(s) - 100.00%
- Score 0 goal in Penalty Kill
Flyers - 2 on 3 Attempt(s) - 66.67%
- Score 0 goal in Penalty Kill
Team Stat
Panthers - Hits : 17 - Faceoff Wins : 41 - Blocked Shots : 10 - Penalty Minutes : 18
Flyers - Hits : 22 - Faceoff Wins : 27 - Blocked Shots : 16 - Penalty Minutes : 6
Official
Referees : Unknown
Linesman : Unknown
Game Notes
No Game Note
Finance
Level 1 -- Attendance: 3618 (60.30%) -- Ticket Income $452,250
Level 2 -- Attendance: 2991 (59.82%) -- Ticket Income $224,325
Level 3 -- Attendance: 1155 (57.75%) -- Ticket Income $57,750
Level 4 -- Attendance: 2299 (57.48%) -- Ticket Income $91,960
Luxury Box -- Attendance: 511 (51.10%) -- Ticket Income $127,750
Game was played at the Wells Fargo Center.
Total Attendance: 10574 (58.74%)
Total Ticket Income: $954,035
Other Income: $143,105
Total Income: $1,097,140
Panthers
5 vs 5 Forward
Center Left Wing Right Wing Time % Phy DF OF
1 Matt Duchene Kyle Clifford Tomas Kopecky 40 1 2 2
2 Jean-Gabriel Pageau Daniel Sedin Drew Stafford 30 1 2 2
3 Erik Christensen Eric Wellwood Steve Quailer 20 1 2 2
4 Jonathan Matsumoto Nigel Dawes Patrick Eaves 10 1 2 2
5 vs 5 Defense
Defense Defense Time % Phy DF OF
1 Erik Gudbranson Jonathan Sigalet 40 1 2 2
2 Radko Gudas Matt Irwin 30 1 2 2
3 Mike Weber William Colbert 20 1 2 2
4 Erik Gudbranson Jonathan Sigalet 10 1 2 2
PowerPlay Forward
Center Left Wing Right Wing Time % Phy DF OF
1 Matt Duchene Kyle Clifford Tomas Kopecky 60 1 2 2
2 Jean-Gabriel Pageau Daniel Sedin Drew Stafford 40 1 2 2
PowerPlay Defense
Defense Defense Time % Phy DF OF
1 Erik Gudbranson Jonathan Sigalet 60 1 2 2
2 Radko Gudas Matt Irwin 40 1 2 2
Penalty Kill 4 Players Forward
Center Wing Time % Phy DF OF
1 Erik Christensen Drew Stafford 60 1 2 2
2 Jean-Gabriel Pageau Kyle Clifford 40 1 2 2
Penalty Kill 4 Players Defense
Defense Defense Time % Phy DF OF
1 Erik Gudbranson Radko Gudas 60 1 2 2
2 Jonathan Sigalet Mike Weber 40 1 2 2
Penalty Kill - 3 Players Forward
Forward Time % Phy DF OF
1 Erik Christensen 60 1 2 2
2 Drew Stafford 40 1 2 2
Penalty Kill - 3 Players Defense
Defense Defense Time % Phy DF OF
1 Erik Gudbranson Radko Gudas 60 1 2 2
2 Jonathan Sigalet Mike Weber 40 1 2 2
4 vs 4 Forward
Center Wing Time % Phy DF OF
1 Matt Duchene Kyle Clifford 60 1 2 2
2 Jean-Gabriel Pageau Drew Stafford 40 1 2 2
4 vs 4 Defense
Defense Defense Time % Phy DF OF
1 Erik Gudbranson Jonathan Sigalet 60 1 2 2
2 Radko Gudas Matt Irwin 40 1 2 2
Last Minutes Offensive
Center Left Wing Right Wing Defense Defense
Matt Duchene Kyle Clifford Tomas Kopecky Erik Gudbranson Jonathan Sigalet
Last Minutes Defensive
Center Left Wing Right Wing Defense Defense
Jean-Gabriel Pageau Kyle Clifford Drew Stafford Erik Gudbranson Jonathan Sigalet
Goaltenders
Starting : Petr Mrazek
Backup : Antti Niemi
Extra Forwards
Normal : Jean-Gabriel Pageau, Matt Duchene, Drew Stafford - PP : Drew Stafford, Kyle Clifford - PK : Steve Quailer
Extra Defensemen
Normal : Radko Gudas, Erik Gudbranson, Jonathan Sigalet - PP : Mike Weber - PK : Jonathan Sigalet, Erik Gudbranson
Penalty Shots
Jean-Gabriel Pageau, Daniel Sedin, Drew Stafford, Matt Duchene, Kyle Clifford
Scratches
Alex Galchenyuk (Broken Right Index Finger Injury)
Flyers
5 vs 5 Forward
Center Left Wing Right Wing Time % Phy DF OF
1 Jeff Carter Drew Miller Jakub Voracek 40 0 1 4
2 Kyle Wellwood J.T. Miller Mats Zuccarello 30 0 1 4
3 Marcus Kruger Michael Bournival Jaromir Jagr 20 0 1 4
4 Matthew Lombardi Chris Mcallister Brian McGrattan 10 0 4 1
5 vs 5 Defense
Defense Defense Time % Phy DF OF
1 Oliver Ekman-Larsson Jonathan Ericsson 30 1 3 1
2 Jeff Woywitka Nathan Beaulieu 30 1 3 1
3 Brian Lashoff Matt Smaby 30 1 3 1
4 Oliver Ekman-Larsson Jeff Woywitka 10 1 3 1
PowerPlay Forward
Center Left Wing Right Wing Time % Phy DF OF
1 Jeff Carter Drew Miller Jakub Voracek 50 0 1 4
2 Kyle Wellwood J.T. Miller Mats Zuccarello 50 0 1 4
PowerPlay Defense
Defense Defense Time % Phy DF OF
1 Oliver Ekman-Larsson Nathan Beaulieu 50 0 2 3
2 Jonathan Ericsson Jeff Woywitka 50 0 2 3
Penalty Kill 4 Players Forward
Center Wing Time % Phy DF OF
1 Matthew Lombardi Chris Mcallister 50 0 4 1
2 Kyle Wellwood J.T. Miller 50 0 4 1
Penalty Kill 4 Players Defense
Defense Defense Time % Phy DF OF
1 Oliver Ekman-Larsson Matt Smaby 50 1 4 0
2 Jeff Woywitka Jonathan Ericsson 50 1 4 0
Penalty Kill - 3 Players Forward
Forward Time % Phy DF OF
1 Matthew Lombardi 50 0 4 1
2 Kyle Wellwood 50 0 4 1
Penalty Kill - 3 Players Defense
Defense Defense Time % Phy DF OF
1 Oliver Ekman-Larsson Matt Smaby 50 1 4 0
2 Jeff Woywitka Jonathan Ericsson 50 1 4 0
4 vs 4 Forward
Center Wing Time % Phy DF OF
1 Jeff Carter Jakub Voracek 50 0 2 3
2 Kyle Wellwood J.T. Miller 50 0 2 3
4 vs 4 Defense
Defense Defense Time % Phy DF OF
1 Oliver Ekman-Larsson Matt Smaby 50 1 3 1
2 Jeff Woywitka Jonathan Ericsson 50 1 3 1
Last Minutes Offensive
Center Left Wing Right Wing Defense Defense
Jeff Carter Drew Miller Jakub Voracek Oliver Ekman-Larsson Jeff Woywitka
Last Minutes Defensive
Center Left Wing Right Wing Defense Defense
Kyle Wellwood Chris Mcallister Brian McGrattan Oliver Ekman-Larsson Jeff Woywitka
Goaltenders
Starting : Cory Schneider
Backup : Steve Mason
Extra Forwards
Normal : Jeff Carter, Kyle Wellwood, Drew Miller - PP : Jeff Carter, Kyle Wellwood - PK : Matthew Lombardi
Extra Defensemen
Normal : Oliver Ekman-Larsson, Jeff Woywitka, Jonathan Ericsson - PP : Oliver Ekman-Larsson - PK : Oliver Ekman-Larsson, Jeff Woywitka
Penalty Shots
Jeff Carter, Michael Bournival, Jaromir Jagr, Kyle Wellwood, J.T. Miller
Scratches
Dany Heatley (Left Eye Injury)
% Time on Ice - Panthers
Lines # - Real PCT - Wanted PCT - Time Play
Normal Forward
1 - 39% - 40% - 15:20
2 - 24% - 30% - 9:31
3 - 23% - 20% - 9:03
4 - 14% - 10% - 5:30
Normal Defense
1 - 47% - 40% - 18:37
2 - 31% - 30% - 12:04
3 - 19% - 20% - 7:22
4 - 3% - 10% - 1:21
PP Forward
1 - 52% - 60% - 1:25
2 - 48% - 40% - 1:20
PP Defense
1 - 54% - 60% - 1:29
2 - 46% - 40% - 1:16
PK Forward
1 - 67% - 60% - 10:53
2 - 33% - 40% - 5:18
PK Defense
1 - 65% - 60% - 10:27
2 - 35% - 40% - 5:44
PK3 Forward
1 - 0% - 60%
2 - 0% - 40%
PK3 Defense
1 - 0% - 60%
2 - 0% - 40%
44 Forward
1 - 100% - 60% - 1:40
2 - 0% - 40% - 0:00
44 Defense
1 - 58% - 60% - 0:58
2 - 42% - 40% - 0:42
Last Minute Offensive - 0:00
Last Minute Defensive - 0:00
Total
Forward - 60:00
Defense - 60:00
|
% Time on Ice - Flyers
Lines # - Real PCT - Wanted PCT - Time Play
Normal Forward
1 - 35% - 40% - 13:46
2 - 23% - 30% - 8:58
3 - 26% - 20% - 10:10
4 - 16% - 10% - 6:30
Normal Defense
1 - 32% - 30% - 12:45
2 - 32% - 30% - 12:41
3 - 33% - 30% - 12:56
4 - 3% - 10% - 1:02
PP Forward
1 - 50% - 50% - 8:02
2 - 50% - 50% - 8:09
PP Defense
1 - 51% - 50% - 8:17
2 - 49% - 50% - 7:54
PK Forward
1 - 54% - 50% - 1:29
2 - 46% - 50% - 1:16
PK Defense
1 - 61% - 50% - 1:40
2 - 39% - 50% - 1:05
PK3 Forward
1 - 0% - 50%
2 - 0% - 50%
PK3 Defense
1 - 0% - 50%
2 - 0% - 50%
44 Forward
1 - 52% - 50% - 0:52
2 - 48% - 50% - 0:48
44 Defense
1 - 56% - 50% - 0:56
2 - 44% - 50% - 0:44
Last Minute Offensive - 0:00
Last Minute Defensive - 0:00
Total
Forward - 60:00
Defense - 60:00
|
Play-by-Play
1st period
0:01 of 1st period - Jeff Carter wins face-off versus Tomas Kopecky in neutral zone.
0:11 of 1st period - Icing by Jonathan Ericsson.
0:12 of 1st period - Jean-Gabriel Pageau wins face-off versus Jeff Carter in Flyers zone.
0:13 of 1st period - Snap shot by Drew Stafford.
0:13 of 1st period - Shot Blocked by Jonathan Ericsson.
0:15 of 1st period - Snap shot by Drew Stafford.
0:15 of 1st period - Shot Misses the Net.
0:21 of 1st period - Wrist shot by Drew Stafford.
0:21 of 1st period - Stopped by Cory Schneider with a rebound.
0:58 of 1st period - Icing by Kyle Clifford.
0:59 of 1st period - Jonathan Matsumoto wins face-off versus Marcus Kruger in Panthers zone.
0:59 of 1st period - Jonathan Matsumoto is hit by Michael Bournival.
1:36 of 1st period - Minor Penalty to Kyle Clifford for Holding.
1:37 of 1st period - Jeff Carter wins face-off versus Erik Christensen in Panthers zone.
1:47 of 1st period - Snap shot by Jeff Carter.
1:47 of 1st period - Shot Misses the Net.
1:49 of 1st period - Slapshot by Drew Miller.
1:49 of 1st period - Shot Blocked by Erik Gudbranson.
3:06 of 1st period - J.T. Miller is hit by Erik Gudbranson and loses puck.
3:36 of 1st period - Penalty to Kyle Clifford is over, Kyle Clifford is back on ice.
3:40 of 1st period - J.T. Miller is hit by Steve Quailer and loses puck.
3:49 of 1st period - Snap shot by Steve Quailer.
3:49 of 1st period - Deflect By Eric Wellwood.
3:49 of 1st period - Stopped by Cory Schneider with a rebound.
4:00 of 1st period - Snap shot by Steve Quailer.
4:00 of 1st period - Shot Blocked by Nathan Beaulieu.
4:02 of 1st period - Slapshot by Erik Gudbranson.
4:02 of 1st period - Stopped by Cory Schneider with a rebound.
4:12 of 1st period - Snap shot by Steve Quailer.
4:12 of 1st period - Goal by Steve Quailer - Panthers : 1 - Flyers : 0.
4:13 of 1st period - Jeff Carter wins face-off versus Matt Duchene in neutral zone.
4:41 of 1st period - Snap shot by Drew Stafford.
4:41 of 1st period - Deflect By Matt Smaby.
4:41 of 1st period - Shot Blocked by Brian Lashoff.
4:41 of 1st period - Puck is out of play.
4:42 of 1st period - Jean-Gabriel Pageau wins face-off versus Kyle Wellwood in Flyers zone.
6:16 of 1st period - Slapshot by Daniel Sedin.
6:16 of 1st period - Stopped by Cory Schneider without a rebound.
6:17 of 1st period - Matt Duchene wins face-off versus Jeff Carter in Flyers zone.
6:35 of 1st period - Minor Penalty to Jeff Carter for Slashing.
6:36 of 1st period - Matt Duchene wins face-off versus Chris Mcallister in Flyers zone.
6:40 of 1st period - Snap shot by Kyle Clifford.
6:40 of 1st period - Stopped by Cory Schneider without a rebound.
6:41 of 1st period - Tomas Kopecky wins face-off versus Chris Mcallister in Flyers zone.
7:28 of 1st period - Kyle Clifford is hit by Matthew Lombardi and loses puck.
8:35 of 1st period - Penalty to Jeff Carter is over, Jeff Carter is back on ice.
8:45 of 1st period - Snap shot by Jeff Carter.
8:45 of 1st period - Stopped by Petr Mrazek without a rebound.
8:46 of 1st period - Jeff Carter wins face-off versus Erik Christensen in Panthers zone.
9:15 of 1st period - Snap shot by Patrick Eaves.
9:15 of 1st period - Goal by Patrick Eaves - Panthers : 2 - Flyers : 0.
9:16 of 1st period - Matt Duchene wins face-off versus Jeff Carter in neutral zone.
9:43 of 1st period - Erik Gudbranson is hit by Mats Zuccarello and loses puck.
10:10 of 1st period - Erik Gudbranson is hit by Jaromir Jagr and loses puck.
10:23 of 1st period - Slapshot by Erik Gudbranson.
10:23 of 1st period - Stopped by Cory Schneider with a rebound.
10:29 of 1st period - Slapshot by Oliver Ekman-Larsson.
10:29 of 1st period - Shot Blocked by Erik Gudbranson.
10:31 of 1st period - Backhand shot by Matthew Lombardi.
10:31 of 1st period - Stopped by Petr Mrazek without a rebound.
10:32 of 1st period - Matt Duchene wins face-off versus Jeff Carter in Panthers zone.
10:58 of 1st period - Matt Smaby is hit by Radko Gudas and loses puck.
11:11 of 1st period - Slapshot by Jean-Gabriel Pageau.
11:11 of 1st period - Goal by Jean-Gabriel Pageau - Panthers : 3 - Flyers : 0.
11:12 of 1st period - Matt Duchene wins face-off versus Jeff Carter in neutral zone.
11:18 of 1st period - Minor Penalty to Tomas Kopecky for Interference.
11:19 of 1st period - Erik Christensen wins face-off versus Kyle Wellwood in Panthers zone.
11:42 of 1st period - Erik Gudbranson is hit by Mats Zuccarello and loses puck.
11:57 of 1st period - Slapshot by Jean-Gabriel Pageau.
11:57 of 1st period - Stopped by Cory Schneider with a rebound.
12:23 of 1st period - Wrist shot by Drew Miller.
12:23 of 1st period - Stopped by Petr Mrazek with a rebound.
13:18 of 1st period - Penalty to Tomas Kopecky is over, Tomas Kopecky is back on ice.
14:01 of 1st period - Minor Penalty to William Colbert for Slashing.
14:02 of 1st period - Kyle Wellwood wins face-off versus Erik Christensen in Panthers zone.
14:20 of 1st period - Off-side.
14:21 of 1st period - Jeff Carter wins face-off versus Erik Christensen in neutral zone.
14:28 of 1st period - Wrist shot by Jonathan Ericsson.
14:28 of 1st period - Deflect By Drew Miller.
14:28 of 1st period - Shot Misses the Net.
14:28 of 1st period - Puck is out of play.
14:29 of 1st period - Jeff Carter wins face-off versus Erik Christensen in Panthers zone.
15:08 of 1st period - Wrist shot by Jeff Carter.
15:08 of 1st period - Stopped by Petr Mrazek with a rebound.
15:10 of 1st period - Wrist shot by Jeff Carter.
15:10 of 1st period - Shot Misses the Net.
15:12 of 1st period - Slapshot by Jeff Woywitka.
15:12 of 1st period - Stopped by Petr Mrazek with a rebound.
15:21 of 1st period - Snap shot by Drew Miller.
15:21 of 1st period - Stopped by Petr Mrazek without a rebound.
15:22 of 1st period - Erik Christensen wins face-off versus Kyle Wellwood in Panthers zone.
15:31 of 1st period - J.T. Miller is hit by Drew Stafford and loses puck.
16:01 of 1st period - Penalty to William Colbert is over, William Colbert is back on ice.
16:10 of 1st period - Snap shot by Chris Mcallister.
16:10 of 1st period - Deflect By Brian McGrattan.
16:10 of 1st period - Stopped by Petr Mrazek without a rebound.
16:11 of 1st period - Matthew Lombardi wins face-off versus Tomas Kopecky in Panthers zone.
16:12 of 1st period - Snap shot by Brian McGrattan.
16:12 of 1st period - Deflect By Chris Mcallister.
16:12 of 1st period - Goal by Chris Mcallister - Panthers : 3 - Flyers : 1.
16:13 of 1st period - Matt Duchene wins face-off versus Jeff Carter in neutral zone.
17:02 of 1st period - Jeff Woywitka is hit by Erik Christensen and loses puck.
17:30 of 1st period - Nathan Beaulieu is hit by Jonathan Sigalet and loses puck.
17:49 of 1st period - Matt Irwin is hit by Drew Miller.
17:57 of 1st period - Snap shot by Drew Miller.
17:57 of 1st period - Goal by Drew Miller - Panthers : 3 - Flyers : 2.
17:58 of 1st period - Matt Duchene wins face-off versus Jeff Carter in neutral zone.
18:03 of 1st period - Jonathan Ericsson is hit by Matt Duchene and loses puck.
18:46 of 1st period - Wrist shot by Jonathan Ericsson.
18:46 of 1st period - Shot Misses the Net.
18:49 of 1st period - Icing by William Colbert.
18:50 of 1st period - Erik Christensen wins face-off versus Michael Bournival in Panthers zone.
19:17 of 1st period - Erik Christensen is hit by Matt Smaby and loses puck.
19:54 of 1st period - Slapshot by Steve Quailer.
19:54 of 1st period - Stopped by Cory Schneider without a rebound.
19:55 of 1st period - Matt Duchene wins face-off versus Jeff Carter in Flyers zone.
Goals for this period are 3 for Panthers vs 2 for Flyers.
Shots for this period are 11 for Panthers vs 9 for Flyers.
2nd period
0:01 of 2nd period - Matt Duchene wins face-off versus Jeff Carter in neutral zone.
0:15 of 2nd period - Snap shot by Jeff Carter.
0:15 of 2nd period - Shot Blocked by Kyle Clifford.
0:17 of 2nd period - Slapshot by Jonathan Ericsson.
0:17 of 2nd period - Shot Misses the Net.
0:23 of 2nd period - Minor Penalty to Kyle Clifford for Roughing.
0:24 of 2nd period - Kyle Wellwood wins face-off versus Erik Christensen in Panthers zone.
0:51 of 2nd period - Radko Gudas is hit by Jakub Voracek and loses puck.
1:00 of 2nd period - Snap shot by Drew Miller.
1:00 of 2nd period - Shot Blocked by Radko Gudas.
2:23 of 2nd period - Penalty to Kyle Clifford is over, Kyle Clifford is back on ice.
3:38 of 2nd period - Jeff Carter is hit by Patrick Eaves and loses puck.
3:51 of 2nd period - Erik Gudbranson is hit by Nathan Beaulieu and loses puck.
4:04 of 2nd period - Snap shot by Erik Christensen.
4:04 of 2nd period - Shot Blocked by Brian Lashoff.
4:06 of 2nd period - Slapshot by Jonathan Sigalet.
4:06 of 2nd period - Stopped by Cory Schneider without a rebound.
4:07 of 2nd period - Erik Christensen wins face-off versus Kyle Wellwood in Flyers zone.
4:10 of 2nd period - Slapshot by Eric Wellwood.
4:10 of 2nd period - Shot Misses the Net.
4:22 of 2nd period - Mike Weber is hit by Jonathan Ericsson.
4:44 of 2nd period - Erik Christensen is hit by Nathan Beaulieu and loses puck.
4:59 of 2nd period - Wrist shot by Jakub Voracek.
4:59 of 2nd period - Shot Blocked by William Colbert.
5:01 of 2nd period - Snap shot by Jakub Voracek.
5:01 of 2nd period - Shot Misses the Net.
5:03 of 2nd period - Wrist shot by Brian Lashoff.
5:03 of 2nd period - Shot Misses the Net.
5:07 of 2nd period - Snap shot by Drew Miller.
5:07 of 2nd period - Stopped by Petr Mrazek with a rebound.
5:43 of 2nd period - Wrist shot by Patrick Eaves.
5:43 of 2nd period - Stopped by Cory Schneider with a rebound.
5:45 of 2nd period - Wrist shot by Nigel Dawes.
5:45 of 2nd period - Deflect By Patrick Eaves.
5:45 of 2nd period - Shot Misses the Net.
5:45 of 2nd period - Puck is out of play.
5:46 of 2nd period - Jeff Carter wins face-off versus Matt Duchene in Flyers zone.
5:57 of 2nd period - Snap shot by Drew Miller.
5:57 of 2nd period - Stopped by Petr Mrazek with a rebound.
6:27 of 2nd period - Backhand shot by Kyle Wellwood.
6:27 of 2nd period - Stopped by Petr Mrazek with a rebound.
6:29 of 2nd period - Slapshot by Mats Zuccarello.
6:29 of 2nd period - Shot Misses the Net.
6:49 of 2nd period - Jonathan Sigalet is hit by Chris Mcallister and loses puck.
7:04 of 2nd period - Slapshot by Jeff Woywitka.
7:04 of 2nd period - Stopped by Petr Mrazek without a rebound.
7:05 of 2nd period - Marcus Kruger wins face-off versus Jonathan Matsumoto in Panthers zone.
7:08 of 2nd period - Snap shot by Jaromir Jagr.
7:08 of 2nd period - Stopped by Petr Mrazek without a rebound.
7:09 of 2nd period - Matt Duchene wins face-off versus Jakub Voracek in Panthers zone.
7:09 of 2nd period - Matt Duchene is hit by Drew Miller.
7:23 of 2nd period - Snap shot by Jeff Carter.
7:23 of 2nd period - Stopped by Petr Mrazek with a rebound.
7:55 of 2nd period - Jonathan Ericsson is hit by Steve Quailer and loses puck.
8:44 of 2nd period - Wrist shot by Kyle Clifford.
8:44 of 2nd period - Shot Misses the Net.
9:07 of 2nd period - Snap shot by Drew Stafford.
9:07 of 2nd period - Shot Blocked by Kyle Wellwood.
9:52 of 2nd period - Slapshot by Jonathan Sigalet.
9:52 of 2nd period - Stopped by Cory Schneider without a rebound.
9:53 of 2nd period - Matt Duchene wins face-off versus Jeff Carter in Flyers zone.
10:00 of 2nd period - Backhand shot by Drew Miller.
10:00 of 2nd period - Shot Blocked by Tomas Kopecky.
10:43 of 2nd period - Wrist shot by Eric Wellwood.
10:43 of 2nd period - Stopped by Cory Schneider without a rebound.
10:44 of 2nd period - Erik Christensen wins face-off versus Marcus Kruger in Flyers zone.
11:03 of 2nd period - Wrist shot by Michael Bournival.
11:03 of 2nd period - Stopped by Petr Mrazek with a rebound.
11:36 of 2nd period - Snap shot by Erik Christensen.
11:36 of 2nd period - Stopped by Cory Schneider without a rebound.
11:37 of 2nd period - Jeff Carter wins face-off versus Matt Duchene in Flyers zone.
11:42 of 2nd period - Wrist shot by Tomas Kopecky.
11:42 of 2nd period - Shot Misses the Net.
11:44 of 2nd period - Slapshot by Kyle Clifford.
11:44 of 2nd period - Stopped by Cory Schneider without a rebound.
11:45 of 2nd period - Kyle Clifford wins face-off versus Jeff Carter in Flyers zone.
11:50 of 2nd period - Slapshot by Matt Duchene.
11:50 of 2nd period - Shot Misses the Net.
12:00 of 2nd period - Snap shot by Kyle Clifford.
12:00 of 2nd period - Shot Misses the Net.
12:18 of 2nd period - Slapshot by Erik Gudbranson.
12:18 of 2nd period - Shot Blocked by J.T. Miller.
12:30 of 2nd period - Snap shot by Jonathan Matsumoto.
12:30 of 2nd period - Stopped by Cory Schneider with a rebound.
12:32 of 2nd period - Snap shot by Nigel Dawes.
12:32 of 2nd period - Shot Misses the Net.
12:34 of 2nd period - Snap shot by Jonathan Matsumoto.
12:34 of 2nd period - Stopped by Cory Schneider with a rebound.
12:36 of 2nd period - Slapshot by Matt Irwin.
12:36 of 2nd period - Shot Blocked by Matt Smaby.
12:38 of 2nd period - Snap shot by Radko Gudas.
12:38 of 2nd period - Deflect By Jonathan Matsumoto.
12:38 of 2nd period - Shot Blocked by Brian McGrattan.
12:38 of 2nd period - Puck is out of play.
12:39 of 2nd period - Tomas Kopecky wins face-off versus Jeff Carter in Flyers zone.
12:52 of 2nd period - Snap shot by Kyle Clifford.
12:52 of 2nd period - Shot Blocked by Nathan Beaulieu.
12:54 of 2nd period - Wrist shot by Radko Gudas.
12:54 of 2nd period - Stopped by Cory Schneider without a rebound.
12:55 of 2nd period - Jean-Gabriel Pageau wins face-off versus Kyle Wellwood in Flyers zone.
13:20 of 2nd period - Jonathan Sigalet is hit by Oliver Ekman-Larsson and loses puck.
13:37 of 2nd period - Minor Penalty to Erik Gudbranson for Tripping.
13:38 of 2nd period - Erik Christensen wins face-off versus Mats Zuccarello in Panthers zone.
13:44 of 2nd period - Icing by Kyle Wellwood.
13:45 of 2nd period - Erik Christensen wins face-off versus Kyle Wellwood in Flyers zone.
13:50 of 2nd period - Slapshot by Drew Stafford.
13:50 of 2nd period - Shot Misses the Net.
14:03 of 2nd period - Off-side.
14:04 of 2nd period - Erik Christensen wins face-off versus Jeff Carter in neutral zone.
14:40 of 2nd period - Slapshot by Jonathan Ericsson.
14:40 of 2nd period - Stopped by Petr Mrazek with a rebound.
14:42 of 2nd period - Slapshot by Jonathan Ericsson.
14:42 of 2nd period - Stopped by Petr Mrazek without a rebound.
14:43 of 2nd period - Kyle Wellwood wins face-off versus Erik Christensen in Panthers zone.
15:02 of 2nd period - Mats Zuccarello is hit by Drew Stafford and loses puck.
15:37 of 2nd period - Penalty to Erik Gudbranson is over, Erik Gudbranson is back on ice.
16:14 of 2nd period - Slapshot by Matt Smaby.
16:14 of 2nd period - Shot Misses the Net.
16:16 of 2nd period - Wrist shot by Matthew Lombardi.
16:16 of 2nd period - Shot Misses the Net.
16:38 of 2nd period - Wrist shot by Kyle Wellwood.
16:38 of 2nd period - Shot Blocked by William Colbert.
16:54 of 2nd period - Jonathan Matsumoto is hit by Michael Bournival and loses puck.
17:13 of 2nd period - Snap shot by Matt Duchene.
17:13 of 2nd period - Shot Misses the Net.
17:15 of 2nd period - Wrist shot by Matt Duchene.
17:15 of 2nd period - Shot Blocked by Oliver Ekman-Larsson.
17:17 of 2nd period - Wrist shot by Erik Gudbranson.
17:17 of 2nd period - Shot Blocked by Jonathan Ericsson.
17:24 of 2nd period - Icing by Jonathan Ericsson.
17:25 of 2nd period - Matthew Lombardi wins face-off versus Jean-Gabriel Pageau in Flyers zone.
17:32 of 2nd period - Snap shot by Jean-Gabriel Pageau.
17:32 of 2nd period - Shot Hit the Post.
17:34 of 2nd period - Slapshot by Matt Irwin.
17:34 of 2nd period - Shot Misses the Net.
17:36 of 2nd period - Slapshot by Daniel Sedin.
17:36 of 2nd period - Stopped by Cory Schneider with a rebound.
17:38 of 2nd period - Slapshot by Daniel Sedin.
17:38 of 2nd period - Stopped by Cory Schneider with a rebound.
17:48 of 2nd period - Mats Zuccarello is hit by Kyle Clifford and loses puck.
18:19 of 2nd period - Snap shot by Jaromir Jagr.
18:19 of 2nd period - Deflect By Marcus Kruger.
18:19 of 2nd period - Stopped by Petr Mrazek without a rebound.
18:20 of 2nd period - Matt Duchene wins face-off versus Jeff Carter in Panthers zone.
18:20 of 2nd period - Matt Duchene is hit by Brian Lashoff.
19:20 of 2nd period - Snap shot by Jean-Gabriel Pageau.
19:20 of 2nd period - Shot Misses the Net.
19:22 of 2nd period - Snap shot by Drew Stafford.
19:22 of 2nd period - Shot Blocked by Nathan Beaulieu.
Goals for this period are 0 for Panthers vs 0 for Flyers.
Shots for this period are 11 for Panthers vs 10 for Flyers.
3rd period
0:01 of 3rd period - Jeff Carter wins face-off versus Matt Duchene in neutral zone.
0:08 of 3rd period - Snap shot by Drew Miller.
0:08 of 3rd period - Stopped by Petr Mrazek with a rebound.
0:26 of 3rd period - Nathan Beaulieu is hit by Daniel Sedin and loses puck.
0:46 of 3rd period - Off-side.
0:47 of 3rd period - Marcus Kruger wins face-off versus Erik Christensen in neutral zone.
1:19 of 3rd period - Wrist shot by Drew Miller.
1:19 of 3rd period - Deflect By Jakub Voracek.
1:19 of 3rd period - Stopped by Petr Mrazek with a rebound.
1:21 of 3rd period - Minor Penalty to Erik Gudbranson for Holding.
1:22 of 3rd period - Kyle Wellwood wins face-off versus Erik Christensen in Panthers zone.
1:49 of 3rd period - Jeff Carter is hit by Kyle Clifford and loses puck.
3:21 of 3rd period - Penalty to Erik Gudbranson is over, Erik Gudbranson is back on ice.
3:22 of 3rd period - Radko Gudas is hit by Marcus Kruger and loses puck.
3:35 of 3rd period - Wrist shot by Matthew Lombardi.
3:35 of 3rd period - Shot Misses the Net.
3:37 of 3rd period - Slapshot by Matt Smaby.
3:37 of 3rd period - Shot Blocked by Matt Irwin.
3:39 of 3rd period - Slapshot by Matt Smaby.
3:39 of 3rd period - Stopped by Petr Mrazek with a rebound.
3:41 of 3rd period - Snap shot by Matthew Lombardi.
3:41 of 3rd period - Goal by Matthew Lombardi - Panthers : 3 - Flyers : 3.
3:42 of 3rd period - Jeff Carter wins face-off versus Matt Duchene in neutral zone.
3:46 of 3rd period - Minor Penalty to Jonathan Sigalet for High sticking.
3:47 of 3rd period - Kyle Wellwood wins face-off versus Erik Christensen in Panthers zone.
4:03 of 3rd period - Erik Christensen is hit by Oliver Ekman-Larsson and loses puck.
5:46 of 3rd period - Penalty to Jonathan Sigalet is over, Jonathan Sigalet is back on ice.
6:02 of 3rd period - Snap shot by Eric Wellwood.
6:02 of 3rd period - Stopped by Cory Schneider with a rebound.
6:04 of 3rd period - Slapshot by William Colbert.
6:04 of 3rd period - Deflect By Jonathan Sigalet.
6:04 of 3rd period - Goal by Jonathan Sigalet - Panthers : 4 - Flyers : 3.
6:05 of 3rd period - Matt Duchene wins face-off versus Jeff Carter in neutral zone.
6:08 of 3rd period - Slapshot by Erik Gudbranson.
6:08 of 3rd period - Stopped by Cory Schneider without a rebound.
6:09 of 3rd period - Matt Duchene wins face-off versus Drew Miller in Flyers zone.
7:00 of 3rd period - Wrist shot by Kyle Clifford.
7:00 of 3rd period - Shot Misses the Net.
7:02 of 3rd period - Slapshot by Erik Gudbranson.
7:02 of 3rd period - Stopped by Cory Schneider with a rebound.
7:27 of 3rd period - Minor Penalty to Tomas Kopecky for Holding.
7:28 of 3rd period - Erik Christensen wins face-off versus Kyle Wellwood in Panthers zone.
7:28 of 3rd period - Erik Christensen is hit by Mats Zuccarello.
7:53 of 3rd period - Radko Gudas is hit by Jeff Carter.
7:56 of 3rd period - Off-side.
7:57 of 3rd period - Erik Christensen wins face-off versus Jeff Carter in neutral zone.
9:27 of 3rd period - Penalty to Tomas Kopecky is over, Tomas Kopecky is back on ice.
9:30 of 3rd period - Kyle Clifford is hit by Brian Lashoff and loses puck.
9:35 of 3rd period - Wrist shot by Marcus Kruger.
9:35 of 3rd period - Stopped by Petr Mrazek with a rebound.
9:59 of 3rd period - Snap shot by Patrick Eaves.
9:59 of 3rd period - Shot Misses the Net.
10:02 of 3rd period - Icing by Brian Lashoff.
10:03 of 3rd period - Jonathan Matsumoto wins face-off versus Matthew Lombardi in Flyers zone.
10:17 of 3rd period - Minor Penalty to Matthew Lombardi for Holding.
10:18 of 3rd period - Daniel Sedin wins face-off versus Marcus Kruger in Flyers zone.
10:24 of 3rd period - Wrist shot by Drew Stafford.
10:24 of 3rd period - Shot Misses the Net.
10:26 of 3rd period - Slapshot by Matt Irwin.
10:26 of 3rd period - Stopped by Cory Schneider without a rebound.
10:27 of 3rd period - Marcus Kruger wins face-off versus Daniel Sedin in Flyers zone.
10:40 of 3rd period - Slapshot by Matt Irwin.
10:40 of 3rd period - Shot Blocked by Jeff Woywitka.
10:42 of 3rd period - Slapshot by Matt Irwin.
10:42 of 3rd period - Stopped by Cory Schneider with a rebound.
10:44 of 3rd period - Wrist shot by Daniel Sedin.
10:44 of 3rd period - Goal by Daniel Sedin - Panthers : 5 - Flyers : 3.
10:45 of 3rd period - Drew Miller wins face-off versus Matt Duchene in neutral zone.
10:58 of 3rd period - Snap shot by Tomas Kopecky.
10:58 of 3rd period - Shot Blocked by Jonathan Ericsson.
11:00 of 3rd period - Wrist shot by Matt Duchene.
11:00 of 3rd period - Stopped by Cory Schneider with a rebound.
11:10 of 3rd period - Jeff Carter is hit by Jonathan Sigalet and loses puck.
11:15 of 3rd period - Wrist shot by Eric Wellwood.
11:15 of 3rd period - Shot Misses the Net.
11:17 of 3rd period - Snap shot by Eric Wellwood.
11:17 of 3rd period - Shot Blocked by Drew Miller.
11:19 of 3rd period - Snap shot by Steve Quailer.
11:19 of 3rd period - Stopped by Cory Schneider without a rebound.
11:20 of 3rd period - Matt Duchene wins face-off versus Kyle Wellwood in Flyers zone.
11:21 of 3rd period - Slapshot by Tomas Kopecky.
11:21 of 3rd period - Shot Misses the Net.
11:23 of 3rd period - Wrist shot by Tomas Kopecky.
11:23 of 3rd period - Deflect By Matt Duchene.
11:23 of 3rd period - Shot Misses the Net.
11:23 of 3rd period - Puck is out of play.
11:24 of 3rd period - Kyle Wellwood wins face-off versus Matt Duchene in Flyers zone.
11:52 of 3rd period - Wrist shot by Jeff Carter.
11:52 of 3rd period - Stopped by Petr Mrazek with a rebound.
11:54 of 3rd period - Snap shot by Jakub Voracek.
11:54 of 3rd period - Shot Misses the Net.
12:14 of 3rd period - Chris Mcallister is hit by Daniel Sedin and loses puck.
12:20 of 3rd period - Off-side.
12:21 of 3rd period - Matt Duchene wins face-off versus Jeff Carter in neutral zone.
12:47 of 3rd period - Icing by Jonathan Ericsson.
12:48 of 3rd period - Jeff Carter wins face-off versus Erik Christensen in Flyers zone.
12:55 of 3rd period - Wrist shot by Kyle Wellwood.
12:55 of 3rd period - Stopped by Petr Mrazek with a rebound.
13:41 of 3rd period - Snap shot by Patrick Eaves.
13:41 of 3rd period - Stopped by Cory Schneider without a rebound.
13:42 of 3rd period - Kyle Wellwood wins face-off versus Jonathan Matsumoto in Flyers zone.
13:49 of 3rd period - Wrist shot by Kyle Wellwood.
13:49 of 3rd period - Shot Blocked by Jonathan Sigalet.
13:51 of 3rd period - Snap shot by Oliver Ekman-Larsson.
13:51 of 3rd period - Shot Misses the Net.
13:53 of 3rd period - Snap shot by Kyle Wellwood.
13:53 of 3rd period - Stopped by Petr Mrazek without a rebound.
13:54 of 3rd period - Jeff Carter wins face-off versus Drew Stafford in Panthers zone.
14:31 of 3rd period - Wrist shot by Kyle Wellwood.
14:31 of 3rd period - Shot Blocked by Matt Duchene.
14:43 of 3rd period - Snap shot by Matt Duchene.
14:43 of 3rd period - Shot Misses the Net.
14:45 of 3rd period - Wrist shot by Eric Wellwood.
14:45 of 3rd period - Shot Misses the Net.
14:47 of 3rd period - Snap shot by Jonathan Sigalet.
14:47 of 3rd period - Deflect By Eric Wellwood.
14:47 of 3rd period - Shot Blocked by Oliver Ekman-Larsson.
14:47 of 3rd period - Puck is out of play.
14:48 of 3rd period - Jeff Carter wins face-off versus Erik Christensen in Flyers zone.
15:51 of 3rd period - Wrist shot by Jakub Voracek.
15:51 of 3rd period - Stopped by Petr Mrazek without a rebound.
15:52 of 3rd period - Erik Christensen wins face-off versus Marcus Kruger in Panthers zone.
16:01 of 3rd period - Wrist shot by Erik Gudbranson.
16:01 of 3rd period - Stopped by Cory Schneider without a rebound.
16:02 of 3rd period - Erik Christensen wins face-off versus Marcus Kruger in Flyers zone.
16:05 of 3rd period - Wrist shot by Erik Christensen.
16:05 of 3rd period - Shot Misses the Net.
16:07 of 3rd period - Slapshot by Jonathan Sigalet.
16:07 of 3rd period - Shot Misses the Net.
16:09 of 3rd period - Wrist shot by Eric Wellwood.
16:09 of 3rd period - Goal by Eric Wellwood - Panthers : 6 - Flyers : 3.
16:10 of 3rd period - Drew Stafford wins face-off versus Jeff Carter in neutral zone.
16:15 of 3rd period - Jeff Carter is hit by Drew Stafford and loses puck.
16:22 of 3rd period - Snap shot by Drew Stafford.
16:22 of 3rd period - Stopped by Cory Schneider without a rebound.
16:23 of 3rd period - Matt Duchene wins face-off versus Jeff Carter in Flyers zone.
16:35 of 3rd period - Snap shot by Matt Duchene.
16:35 of 3rd period - Shot Misses the Net.
17:04 of 3rd period - Minor Penalty to Mats Zuccarello for Interference.
17:05 of 3rd period - Matt Duchene wins face-off versus Matthew Lombardi in Flyers zone.
17:23 of 3rd period - Minor Penalty to Kyle Clifford for Hooking.
17:24 of 3rd period - Matt Duchene wins face-off versus Jeff Carter in Panthers zone.
18:22 of 3rd period - Wrist shot by Eric Wellwood.
18:22 of 3rd period - Stopped by Cory Schneider with a rebound.
19:03 of 3rd period - Icing by Oliver Ekman-Larsson.
19:04 of 3rd period - Penalty to Mats Zuccarello is over, Mats Zuccarello is back on ice.
19:04 of 3rd period - Jeff Carter wins face-off versus Jean-Gabriel Pageau in Flyers zone.
19:09 of 3rd period - Mats Zuccarello is hit by Jonathan Sigalet and loses puck.
19:23 of 3rd period - Penalty to Kyle Clifford is over, Kyle Clifford is back on ice.
19:40 of 3rd period - Jonathan Matsumoto is hit by Jeff Woywitka and loses puck.
Goals for this period are 3 for Panthers vs 1 for Flyers.
Shots for this period are 14 for Panthers vs 9 for Flyers.
Back to the Top